 Dungeon Crawl Stone Soup version 0.23.2-1-ga50397a6bc (webtiles) character file.

Game seed: 15120069150520593749

156 Mrkan the Shield-Bearer (level 5, -6/41 HPs)
             Began as a Formicid Fighter on May 22, 2019.
             Was a Believer of Ru.
             Killed by divine providence
             ... invoked by an orc priest
              (12 damage)
             ... on level 4 of the Dungeon.
             The game lasted 00:11:41 (4043 turns).

Mrkan the Shield-Bearer (Formicid Fighter)          Turns: 4043, Time: 00:11:41

Health: -6/41      AC: 14    Str: 20    XL:     5   Next: 64%
Magic:  5/5        EV:  5    Int:  8    God:    Ru [**....]
Gold:   191        SH: 10    Dex: 12    Spells: 4/4 levels left

rFire    . . .     SeeInvis +   a - +0 flail
rCold    . . .     Gourm    .   c - +0 shield
rNeg     . . .     Faith    .   D - +0 plate armour
rPois    .         Spirit   .   (helmet unavailable)
rElec    .         Reflect  .   o - +0 cloak
rCorr    .         Harm     .   (no gloves)
MR       .....                  y - +1 pair of boots
Stlth    ..........             l - amulet of regeneration
HPRegen  0.53/turn              (no ring)
MPRegen  0.09/turn              (no ring)

@: no status effects
A: permanent stasis, dig shafts and tunnels, four strong arms, antennae 3,
inexperienced 1
a: Dig, Shaft Self, Renounce Religion


You were on level 4 of the Dungeon.
You worshipped Ru.
Ru was pleased with you.
You were very hungry.

You visited 1 branch of the dungeon, and saw 5 of its levels.

You collected 191 gold pieces.

Inventory:

Hand Weapons
 a - a +0 flail (weapon)
Armour
 c - a +0 shield (worn)
 o - a +0 cloak (worn)
 y - a +1 pair of boots (worn)
 D - a +0 plate armour (worn)
Jewellery
 j - an uncursed amulet of faith
 l - an amulet of regeneration (around neck)
 B - an uncursed amulet of harm
Scrolls
 g - a scroll of fear {unknown}
 h - a scroll of enchant armour {unknown}
 i - 2 scrolls of remove curse {unknown}
 m - a scroll of random uselessness {unknown}
 n - 2 scrolls of teleportation {unknown}
 p - 2 scrolls of amnesia {unknown}
 q - 2 scrolls of fog {unknown}
 w - a scroll of blinking {unknown}
 x - a scroll of enchant weapon {unknown}
 z - a scroll of magic mapping {unknown}
Potions
 d - a potion of might
 e - a potion of degeneration {unknown}
 r - 2 potions of curing {unknown}
 s - a potion of heal wounds {unknown}
 u - a potion of magic {unknown}
 v - 2 potions of haste
 A - a potion of ambrosia {unknown}
Comestibles
 b - 2 chunks of flesh
 f - 7 rations


   Skills:
 - Level 3.2 Fighting
 * Level 5.2 Maces & Flails
 - Level 3.2 Armour
 * Level 6.9 Shields


You had 4 spell levels left.
You didn't know any spells.
Your spell library contained the following spells:

 Spells                   Type           Power        Failure   Level  Hunger
 Confusing Touch          Hex            #.....       100%        1    ##.....
 Confuse                  Hex            #.......     100%        3    ####...
 Gell's Gravitas          Tloc           #.........   100%        3    ####...
 Petrify                  Tmut/Erth      #.......     100%        4    #####..
 Metabolic Englaciation   Hex/Ice        #.........   100%        5    ######.
 Yara's Violent Unravell  Hex/Tmut       #.........   100%        5    ######.


Dungeon Overview and Level Annotations

Branches:
Dungeon (5/15)
 Temple: D:4-7

Altars:
Ru

Annotations:
D:3 3 runed translucent doors, Peloso's ghost, weakling MiFi


Innate Abilities, Weirdness & Mutations

You cannot be hasted, slowed, berserked, paralysed or teleported.
You can dig through walls and to a lower floor.
Your four strong arms can wield two-handed weapons with a shield.
You have a pair of large antennae on your head. (SInv)
You are somewhat inexperienced. (-2 XL)


Message History

The orc priest invokes the aid of Beogh against you.
You struggle to resist.
The orc priest hits you but does no damage.
Items here: )) [[ รท a +0 dagger; a +0 robe; a +0 chain mail of cold resistance; a +0 club an orc skeleton You barely miss the orc priest.
The orc priest hits you but does no damage.
You block the orc priest's attack.
Okay, then.
The orc priest hits you but does no damage.
The orc priest invokes the aid of Beogh against you.
Beogh smites you!
* * * LOW HITPOINT WARNING * * *
You see here a ring mail.
You are feeling very hungry.
The orc priest begins to pray, but is stunned by your will!
The orc priest invokes the aid of Beogh against you.
Beogh smites you!
You die...

.....#####.####...###
##...#####.##.......#
###.....)...........#
.##..##.##.##.....(.#
.##.....##.##.#.....#
.........(.##.##.##.#
###..#####.##.#####.# #
#........##......[####
###<##.....##.##@......#
.........(.##.##.#..##.#
.#.###.....##.##....##.#
.#.# #.....##.##[#.###.#
...# ########.##o#o###.#
.### ######.....)>)..#
.# #...#####.####### .#
#.........#
.#######...#######


You could see 2 orc priests.

Vanquished Creatures
  Blork the orc (D:4)
  A bullfrog zombie (D:4)
  2 orc wizards (D:4)
  A centaur skeleton (D:4)
  A worker ant (D:4)
  6 adders
  3 oozes
  A worm (D:3)
  4 dart slugs (D:2)
  12 orcs
  3 ball pythons
  9 bats
  6 giant cockroaches
  9 goblins
  12 hobgoblins
  24 jackals
  10 kobolds
  3 quokkas
  4 frilled lizards
  A leopard gecko skeleton (D:4)
  A quokka skeleton (D:4)
  4 rats
118 creatures vanquished.

Notes
Turn   | Place    | Note
-------+----------+-------------------------------------------
     0 | D:1      | Mrkan the Formicid Fighter began the quest for the Orb.
     0 | D:1      | Reached XP level 1. HP: 18/18 MP: 1/1
   114 | D:1      | Reached XP level 2. HP: 15/24 MP: 2/2
   138 | D:1      | Reached skill level 4 in Shields
   408 | D:1      | Reached XP level 3. HP: 29/29 MP: 3/3
  1396 | D:2      | Reached XP level 4. HP: 34/35 MP: 4/4
  1509 | D:2      | Reached skill level 5 in Shields
  1632 | D:2      | Reached XP level 5. HP: 41/41 MP: 5/5
  2457 | D:3      | Found a sacrificial altar of Ru.
  2551 | D:3      | Became a worshipper of Ru the Awakened
  2676 | D:3      | Found a runed translucent gate.
  2678 | D:3      | Noticed Peloso's ghost (weakling MiFi)
  2679 | D:3      | Found a runed translucent gate.
  2679 | D:3      | Found a runed translucent gate.
  2990 | D:3      | Reached XP level 6. HP: 47/47 MP: 6/6
  3237 | D:4      | Reached skill level 6 in Shields
  3558 | D:4      | Noticed Blork the orc
  3569 | D:4      | Killed Blork the orc
  3569 | D:4      | Reached skill level 5 in Maces & Flails
  3585 | D:4      | Gained mutation: You are somewhat inexperienced. (-2 XL)
                  | [Ru sacrifice]
  3585 | D:4      | Reached XP level 5. HP: 41/41 MP: 5/5
  3585 | D:4      | Reached XP level 4. HP: 35/35 MP: 4/4
  3585 | D:4      | Reached * piety under Ru
  3585 | D:4      | Reached ** piety under Ru
  3597 | D:4      | Reached XP level 5. HP: 41/41 MP: 5/5
  3934 | D:5      | Entered Level 5 of the Dungeon
  4043 | D:4      | Killed from afar by an orc priest

Skill      XL: |  1  2  3  4  5  6 |
---------------+-------------------+-----
Shields        | 4 5 6 |  6.9
Maces & Flails | 3 4 5 |  5.2
Fighting       | |  3.2
Armour         | |  3.2

Action                   |  1- 3 |  4- 6 || total
-------------------------+-------+-------++-------
Melee: Flail             |   135 |   342 ||   477
Invok: Sacrifice Experie |       |     1 ||     1
  Use: Scroll            |       |     4 ||     4
  Eat: Chunk             |     1 |     9 ||    10
Armor: Scale mail        |    75 |   128 ||   203
       Plate armour      |       |    24 ||    24
Dodge: Dodged            |    54 |   107 ||   161
Block: Shield            |   122 |   232 ||   354
